 Dungeon Crawl Stone Soup version 0.22-a0-367-gb72a975 (webtiles) character file.

499 Falco the Fighter (level 7, -8/80 HPs)
             Began as an Ogre Wanderer on Apr 22, 2018.
             Mangled by an ogre
             ... wielding a +0 giant club
              (18 damage)
             ... on level 4 of the Dungeon.
             The game lasted 00:31:13 (4517 turns).

Falco the Fighter (Ogre Wanderer)                   Turns: 4517, Time: 00:31:14

Health: -8/80      AC:  3    Str: 19    XL:     7   Next: 16%
Magic:  7/7        EV: 10    Int: 11    God:
Gold:   125        SH:  0    Dex: 10    Spells: 6/6 levels left

rFire    . . .     SeeInvis .   A - +2 short sword (venom)
rCold    . . .     Gourm    .   (no shield)
rNeg     . . .     Faith    .   e - +0 robe
rPois    .         Spirit   .   (helmet restricted)
rElec    .         Reflect  .   (no cloak)
rCorr    .         Harm     .   (gloves unavailable)
MR       +....                  (boots unavailable)
Stlth    +.........             B - amulet of regeneration
HPRegen  0.63/turn              L - ring of protection from magic
MPRegen  0.10/turn              (no ring)

@: no status effects
A: large, unfitting armour, tough skin 1
a: no special abilities


You were on level 4 of the Dungeon.
You were hungry.

You visited 1 branch of the dungeon, and saw 4 of its levels.

You collected 125 gold pieces.

Inventory:

Hand Weapons
 a - a +2 mace
 b - a +0 trident
 d - a +0 blowgun
 g - a +2 dagger of flaming
 i - a +0 spear
 j - a +0 short sword
 m - a +0 club
 x - a cursed -2 dagger
 z - a +0 club
 A - a +2 short sword of venom (weapon)
 C - a +0 dagger
 D - a +0 short sword
 E - a +0 hunting sling
 G - a +0 mace
 H - a +0 club
Missiles
 c - 26 poisoned needles
 h - 42 bolts
 w - a throwing net (quivered)
 F - 129 stones
Armour
 e - a +0 robe (worn)
 k - a +1 ring mail
 o - a +0 robe
 s - a +0 helmet
Jewellery
 B - an amulet of regeneration (around neck)
 L - a ring of protection from magic (left hand)
Scrolls
 n - a scroll of teleportation {unknown}
 t - a scroll of remove curse {unknown}
 u - a scroll of enchant weapon {unknown}
 y - 2 scrolls of magic mapping
 I - a scroll of enchant armour
 M - a scroll of noise {unknown}
Potions
 l - a potion of degeneration {unknown}
 p - a potion of magic {unknown}
 q - a potion of invisibility {unknown}
 r - 2 potions of lignification {unknown}
 v - a potion of haste {unknown}
 J - a potion of ambrosia {unknown}
 K - 2 potions of flight {unknown}
Comestibles
 f - a ration


   Skills:
 + Level 8.2 Fighting
 + Level 2.3 Short Blades
   Level 1.0(3.1) Axes
 + Level 4.3 Maces & Flails
 + Level 2.0 Throwing
 + Level 2.4 Dodging
 + Level 0.5 Stealth


You had 6 spell levels left.
You didn't know any spells.

Dungeon Overview and Level Annotations

Branches:
Dungeon (4/15)
 Temple: D:4-7

Altars:
Hepliaklqana
Qazlal


Innate Abilities, Weirdness & Mutations

You are too large for most types of armour.
You have tough skin. (AC +1)


Message History

You kill the orc!
You hit the ogre.
The ogre is poisoned.
The ogre is lightly wounded.
The ogre hits you with a giant club!!
* * * LOW HITPOINT WARNING * * *
The ogre looks more healthy.
There is an open door here.
You are feeling hungry.
You puncture the ogre!
The ogre is heavily wounded.
The ogre hits you with a giant club!
* * * LOW HITPOINT WARNING * * *
As you read the scroll labeled DUPAAT EJAMA, it crumbles to dust.
You feel aware of your surroundings.
You sensed 2 altars.
It was a scroll of magic mapping.
As you read the scroll labeled AKUFFO YGEKAO, it crumbles to dust.
It is a scroll of enchant armour.
Your ring mail glows green for a moment.
The ogre hits you with a giant club!!
You die...

*,,,,,,*
*,,,,*,,,,*#.....##:..
*,,,,,,*
#....#....#.......#...
*,,,,,,*
#....#....#.......#...
*,,,,,,*
#....#....#.....o.#...
*,,,,,>*
#....#....#.......#...
*,,,,,,*
#....#....#.......'o..
*,,,,,,*
#....#....#......##.†.
*,,,,,,*
#....#....##....,*#...
*,,,,,,*
#....@O...#########...
*,,,,,,*
#....#............)...
*,,,,,,*
#<...#...........##...
*,,,,,,*
#....#....##.....##...
********
#....#....##.....##...
#....#.>..##..........
#....#.....#..........
#....#....##.....##...
#....#....########*...


You could see an ogre.

Vanquished Creatures
  A phantom (D:2)
  A howler monkey (D:4)
  2 orc priests (D:3)
  6 orc wizards
  2 adders (D:3)
  2 oozes
  6 worms
  A dart slug (D:2)
  A leopard gecko (D:2)
  20 orcs
  A ball python (D:1)
  A giant cockroach (D:1)
  11 goblins
  10 hobgoblins
  2 jackals (D:3)
  3 quokkas
  5 bats
  5 frilled lizards
  9 kobolds
  5 rats
94 creatures vanquished.

Notes
Turn   | Place    | Note
-------+----------+-------------------------------------------
     0 | D:1      | Falco the Ogre Wanderer began the quest for the Orb.
     0 | D:1      | Falco set off with: a +2 mace, a potion of curing, 12 poisoned needles, a +0 blowgun, a +0 robe, a ration
     0 | D:1      | Reached XP level 1. HP: 29/29 MP: 1/1
   508 | D:1      | Reached XP level 2. HP: 34/37 MP: 2/2
   737 | D:1      | Reached skill level 7 in Fighting
  1182 | D:2      | Reached XP level 3. HP: 41/46 MP: 3/3
  1592 | D:2      | Noticed a phantom
  1625 | D:2      | Killed a phantom
  1625 | D:2      | Reached XP level 4. HP: 34/55 MP: 4/4
  1625 | D:2      | Reached XP level 5. HP: 38/62 MP: 5/5
  2458 | D:3      | Reached skill level 1 in Short Blades
  2465 | D:3      | Found a stormy altar of Qazlal.
  2476 | D:3      | Noticed an air elemental
  2487 | D:3      | Noticed a water elemental
  2487 | D:3      | Noticed a fire elemental
  2492 | D:3      | Upgraded the game from 0.22-a0-363-g29407c6 to 0.22-a0-367-gb72a975
  3093 | D:3      | Reached XP level 6. HP: 35/72 MP: 6/6
  3645 | D:3      | Found a hazy altar of Hepliaklqana.
  3721 | D:3      | Reached skill level 8 in Fighting
  3812 | D:3      | Noticed an orc warrior
  4463 | D:4      | Reached XP level 7. HP: 53/80 MP: 7/7
  4517 | D:4      | Mangled by an ogre

Vault maps used:
D:1:      evilmike_arrival_hilbert_curve, wad_floor_pattern_2, st_stairs_12,
          hangedman_decor_push, serial_park_tiny_1
D:3:      cheibrodos_pilgrimage, overflow_temple_1_default, dk_vineyard_1,
          nicolae_qazlal_style_of_elements
D:4:      kennysheep_mini, fedhas_altar_2

Skill      XL: |  1  2  3  4  5  6 |
---------------+-------------------+-----
Fighting       | 7 8 |  8.2
Maces & Flails | 2 3 4 |  4.3
Short Blades   | 1 2 |  2.3
Dodging        | 2 |  2.4
Axes           | |  1.0
Throwing       | |  2.0
Stealth        | |  0.5

Action                   |  1- 3 |  4- 6 |  7- 9 || total
-------------------------+-------+-------+-------++-------
Melee: Mace              |    55 |    95 |       ||   150
       Short sword       |    30 |    92 |    23 ||   145
       Dagger            |       |    11 |       ||    11
  Use: Potion            |       |     5 |       ||     5
       Scroll            |       |     3 |     2 ||     5
  Eat: Chunk             |     1 |       |       ||     1
       Ration            |     1 |     2 |       ||     3
Armor: Robe              |    30 |    35 |       ||    65
Dodge: Dodged            |    40 |   117 |     2 ||   159

Table legend:
 A = Spawn XP
 B = Non-spawn XP
 C = Spawn XP percentage of total XP
 D = Spawn monster count
 E = Non-spawn monster count
 F = Spawn count percentage of total count
 G = Total turns spent on level
                    A         B        C        D         E        F      G
               +---------+---------+-------+---------+---------+-------+---------
         Total |       0 |     713 |   0.0 |       0 |      94 |   0.0 |  4517
               +---------+---------+-------+---------+---------+-------+---------
           D:1 |       0 |      19 |   0.0 |       0 |      13 |   0.0 |   967
           D:2 |       0 |     274 |   0.0 |       0 |      28 |   0.0 |  1843
           D:3 |       0 |     313 |   0.0 |       0 |      46 |   0.0 |  1474
           D:4 |       0 |     107 |   0.0 |       0 |       7 |   0.0 |   233
               +---------+---------+-------+---------+---------+-------+---------
